 Dungeon Sprint DCSS version 0.29-a0-824-gd827844252 (webtiles) character file.

Game seed: 16050905694538523086

3 rocky1 the Shield-Bearer (level 1, 0/19 HPs)
             Began as a Minotaur Fighter on July 10, 2022.
             Slain by Jessica
             ... wielding a +0 dagger
              (1 damage)
             ... in the Dungeon (Sprint III: "The Ten Rune Challenge").
             The game lasted 00:00:21 (20 turns).

rocky1 the Shield-Bearer (Minotaur Fighter)           Turns: 20, Time: 00:00:23

Health: 0/19       AC:  6    Str: 20    XL:     1   Next: 41%
Magic:  0/0        EV:  9    Int:  5    God:
Gold:   0          SH:  4    Dex:  9    Spells: 0/0 levels left

rFire   . . .      SeeInvis .   a - +0 long sword
rCold   . . .      Faith    .   c - +0 buckler
rNeg    . . .      Spirit   .   b - +0 scale mail
rPois   .          Reflect  .   (helmet restricted)
rElec   .          Harm     .   (no cloak)
rCorr   .          Rampage  .   (no gloves)
Will    .....      NoTele   +   (no boots)
Stlth   ..........              (no amulet)
HPRegen 0.06/turn               (no ring)
MPRegen 0.07/turn               (no ring)

@: no status effects
A: horns 2, retaliatory headbutt
a: no special abilities


You were in the Dungeon.
You visited 1 branch

Inventory:

Hand Weapons
 a - a +0 long sword (weapon)
Armour
 b - a +0 scale mail (worn)
 c - a +0 buckler (worn)
Jewellery
 k - a ring of ice
Scrolls
 j - a scroll of blinking
Potions
 d - a potion of might
 e - a potion of curing
 f - a potion of heal wounds
 g - a potion of haste
 h - 2 potions of magic
 i - a potion of berserk rage


   Skills:
 - Level 3.6 Fighting
 + Level 3.5 Long Blades
 - Level 3.6 Armour
 + Level 4.4 Shields


You couldn't memorise any spells.
You didn't know any spells.
Your spell library was empty.

Dungeon Overview and Level Annotations

Branches:
Dungeon (1/1)

Altars:

Annotations:
D Jessica


Innate Abilities, Weirdness & Mutations

You have a pair of horns on your head.
You reflexively headbutt those who attack you in melee.


Message History

Found a staircase leading out of the dungeon.
You open the door.
An endoplasm comes into view.
Found an onyx ring.
An endoplasm comes into view.
The endoplasm quivers.
The endoplasm freezes you.
You are frozen.
There is an open door here.
You hit the endoplasm. You headbutt the endoplasm.
You kill the endoplasm!
Your Long Blades skill increases to level 3!
Your Shields skill increases to level 4!
The endoplasm hits you but does no damage.
You slash the endoplasm!
You kill the endoplasm!
k - a ring of ice You open the door.
Jessica the Apprentice Sorceress comes into view.
She is wielding a +0 dagger.
Jessica shouts!
Jessica casts a spell at you.
You barely resist.
A rat comes into view.
The rat bites you but does no damage.
You slash the rat!
You kill the rat!
Jessica gestures wildly while chanting.
Jessica blinks!
You closely miss Jessica. You block Jessica's attack.
You closely miss Jessica. Your headbutt misses Jessica.
Jessica casts a spell.
Jessica seems to speed up.
You slash Jessica!
Jessica is almost dead.
Jessica gestures at you while chanting. Pain shoots through your body!
Ouch! That really hurt!
* * * LOW HITPOINT WARNING * * *
Jessica hits you with a +0 dagger.
You die...

▓▓▓▓
▓<.#
▓..#
▓#'####
▓.....#
▓.....#
▓...@@#
▓####'#
..#
r..#
....#
+#####


You could see Jessica (fast).

Vanquished Creatures
  2 endoplasms (D)
  A rat (D)
3 creatures vanquished.

Notes
Turn   | Place    | Note
-------+----------+-------------------------------------------
     0 | D        | rocky1 the Minotaur Fighter began the quest for the Orb.
     0 | D        | Reached XP level 1. HP: 19/19 MP: 0/0
     5 | D        | Reached skill level 4 in Shields
    13 | D        | Noticed Jessica
    20 | D        | Slain by Jessica

Illustrated notes

Levels and vault maps discovered:
D:        dungeon_sprint_mu [sprint_mu_entry_forest, sprint_mu_temple_rooms,
          sprint_mu_d1_spiders, sprint_mu_d2_genie, sprint_mu_d3_branching,
          sprint_mu_orc_legion, sprint_mu_elf_gauntlet, sprint_mu_hive_nellie,
          sprint_mu_lair_fedhas, sprint_mu_vaults_butterflies,
          sprint_mu_slime_circle, sprint_mu_swamp_cave, sprint_mu_snake_twists,
          sprint_mu_blade_basic, sprint_mu_crypt_fortress,
          sprint_mu_tomb_spiral, sprint_mu_vestibule_basic,
          sprint_mu_gehenna_hellfire, sprint_mu_dis_giant,
          sprint_mu_tartarus_statrot, sprint_mu_cocytus_islands, sprint_mu_zot1]

Skill      XL: |  1 |
---------------+----+-----
Long Blades    | 3 |  3.5
Shields        | 4 |  4.4
Fighting       | |  3.6
Armour         | |  3.6

Action                   || total
-------------------------++-------
Melee: Long sword        ||     6
       Headbutt          ||     1
Armor: Scale mail        ||     2
Block: Buckler           ||     1

Table legend: (Time is in decaauts)
 A = Elapsed time spent in this place.
 B = Non-inter-level travel time spent in this place.
 C = Inter-level travel time spent in this place.
 D = Time resting spent in this place.
 E = Time spent auto-exploring this place.
 F = Levels seen in this place.
 G = Mean time per level.
                   A        B        C        D        E       F      G
               +--------+--------+--------+--------+--------+-----+--------+
         Total |     21 |     21 |      0 |      0 |      0 |   1 |   21.0 |
       Dungeon |     21 |     21 |      0 |      0 |      0 |   1 |   21.0 |
               +--------+--------+--------+--------+--------+-----+--------+

Top non-repeatable levels by time:
       D: 21 daAuts
